 Dungeon Crawl Stone Soup version 0.27.1-1-g398f81649c (webtiles) character file.

Game seed: 6308140332474550104

885 rogsnak the Conjurer (level 7, -3/52 HPs)
             Began as a White Draconian Fire Elementalist on Sept 5, 2021.
             Was a Follower of Sif Muna.
             Slain by a wraith (12 damage)
             ... on level 6 of the Dungeon.
             The game lasted 00:08:05 (4913 turns).

rogsnak the Conjurer (DrFE)                         Turns: 4913, Time: 00:08:05

Health: -3/52      AC:  8    Str: 11    XL:     7   Next: 76%
Magic:  4/13       EV: 12    Int: 17    God:    Sif Muna [*.....]
Gold:   162        SH:  0    Dex: 11    Spells: 4/14 levels left

rFire    . . .     SeeInvis .   w - +0 dagger (elec)
rCold    + . .     Faith    .   (no shield)
rNeg     . . .     Spirit   .   (armour unavailable)
rPois    .         Reflect  .   l - +2 hat
rElec    .         Harm     .   (no cloak)
rCorr    .         Rampage  .   (no gloves)
Will     .....                  (no boots)
Stlth    ++........             (no amulet)
HPRegen  0.17/turn              (no ring)
MPRegen  0.13/turn              (no ring)

@: slowed, very slow
A: breathe frost, AC +6, unfitting armour, cold resistance 1, cold-blooded
a: Breathe Frost, Renounce Religion, Channel Magic


You were on level 6 of the Dungeon.
You worshipped Sif Muna.
Sif Muna was aware of your devotion.
You visited 2 branches of the dungeon, and saw 7 of its levels.

You collected 162 gold pieces.

Inventory:

Hand Weapons
 w - a +0 dagger of electrocution (weapon)
Missiles
 b - 132 stones
Armour
 l - a +2 hat (worn)
Magical Staves
 j - a staff of cold
Scrolls
 d - a scroll of immolation {unknown}
 i - a scroll of magic mapping {unknown}
 m - 3 scrolls of teleportation {unknown}
 n - 5 scrolls of identify {unknown}
 o - a scroll of enchant armour {unknown}
 r - 3 scrolls of fog {unknown}
 s - a scroll of amnesia {unknown}
 t - a scroll of enchant weapon {unknown}
 u - 2 scrolls of blinking {unknown}
Potions
 a - a potion of brilliance {unknown}
 e - a potion of magic {unknown}
 g - a potion of ambrosia {unknown}
 h - 2 potions of curing {unknown}
 k - a potion of lignification {unknown}
 p - 2 potions of berserk rage {unknown}


   Skills:
 + Level 1.1 Fighting
 + Level 2.8 Dodging
 - Level 1.7 Stealth
 + Level 4.4 Spellcasting
 * Level 5.8 Conjurations
 + Level 4.1 Fire Magic


You had 4 spell levels left.
You knew the following spells:

 Your Spells              Type           Power      Damage    Failure   Level
a - Foxfire               Conj/Fire      80%        2x1d8     1%          1
b - Sticky Flame          Conj/Fire      20%        2d4       19%         4
c - Fireball              Conj/Fire      10%        3d6       47%         5

Your spell library contained the following spells:

 Spells                   Type           Power      Damage    Failure   Level
 Conjure Flame            Conj/Fire      20%        6-21      6%          3
 Inner Flame              Hex/Fire       10%        N/A       19%         3


Dungeon Overview and Level Annotations

Branches:
Dungeon (6/15)             Temple (1/1) D:4

Altars:
Cheibriados
Dithmenos
Elyvilon
Fedhas
Gozag
Hepliaklqana
Nemelex Xobeh
Sif Muna
Wu Jian
Xom
Yredelemnul
Zin

Shops:
D:4 !   D:5 *!


Innate Abilities, Weirdness & Mutations

You can breathe waves of freezing cold which knock back foes.
Your icy white scales are hard. (AC +6)
You cannot fit into any form of body armour.
Your flesh is cold resistant. (rC+)
You are cold-blooded and may be slowed by cold attacks.


Message History

The wraith is moderately damaged.
The foxfire hits the wraith but does no damage.
The wraith is moderately damaged.
The foxfire hits the phantom.
The phantom is severely damaged.
The wraith hits you. The wraith drains your vigour!
You feel as though you will be slow longer.
The phantom hits you but does no damage.
Casting: Foxfire (safe; 1% risk of failure)
Confirm with . or Enter, or press ? or * to list all spells.
You conjure some foxfire!
The wraith hits you but does no damage. The phantom barely misses you.
The wraith barely misses you.
The phantom hits you but does no damage.
Unknown command.
You hit the wraith but do no damage. Lightning courses through the wraith!
The wraith is severely damaged.
The foxfire hits the wraith but does no damage.
The wraith is severely damaged.
The foxfire hits the wraith but does no damage.
The wraith is severely damaged.
The wraith hits you! The wraith drains your vigour!
You feel as though you will be slow longer.
The phantom misses you.
Casting: Foxfire (safe; 1% risk of failure)
Confirm with . or Enter, or press ? or * to list all spells.
You conjure some foxfire!
The phantom hits you.
* * * LOW HITPOINT WARNING * * *
The wraith closely misses you. The phantom misses you. The wraith hits you.
* * * LOW HITPOINT WARNING * * *
The wraith drains your vigour!
You feel as though you will be slow longer.
Unknown command.
Casting: Foxfire (safe; 1% risk of failure)
Confirm with . or Enter, or press ? or * to list all spells.
You conjure some foxfire!
The foxfire hits the wraith.
The wraith is almost destroyed.
The foxfire hits the phantom.
The phantom is almost destroyed.
The wraith hits you!
You die...

... ...# # ....#. ##
#.##.# .. #
#.##.##.# .#
#.##.##.#######..#
#.##W.v..........#
#W#..@W....$.....#
######.#.v<.......#
..........###.####.#
########.### .# .#
..o.oo...# # ..
########## ... ####


You could see a wraith (ally target) and a phantom.

Vanquished Creatures
  An ice beast (D:3)
  A necrophage (D:5)
  An ogre (D:4)
  A phantom (D:3)
  A scorpion (D:5)
  A bullfrog (D:5)
  A hound (D:3)
  2 orc priests (D:5)
  A centaur skeleton (D:4)
  An iguana (D:4)
  Natasha (thrice) (D:3)
  2 orc wizards
  A hound zombie (D:5)
  A hound skeleton (D:5)
  3 adders
  An ufetubus (D:5)
  2 worms
  A dart slug (D:1)
  18 orcs
  12 ball pythons
  9 bats
  4 endoplasms
  A giant cockroach (D:2)
  5 goblins
  5 hobgoblins
  8 kobolds (D:1)
  3 quokkas
  A frilled lizard (D:2)
  6 rats
97 creatures vanquished.

Vanquished Creatures (others)
  369 foxfires
369 creatures vanquished.

Grand Total: 466 creatures vanquished

Notes
Turn   | Place    | Note
-------+----------+-------------------------------------------
     0 | D:1      | rogsnak the Draconian Fire Elementalist began the quest for
                  | the Orb.
     0 | D:1      | Reached XP level 1. HP: 14/14 MP: 3/3
   205 | D:1      | Reached XP level 2. HP: 20/20 MP: 1/5
   760 | D:1      | Reached XP level 3. HP: 25/26 MP: 2/6
  1590 | D:2      | Reached skill level 2 in Conjurations
  1781 | D:2      | Found a faded altar of an unknown god.
  1911 | D:3      | Reached XP level 4. HP: 33/33 MP: 3/8
  1962 | D:3      | Noticed Natasha
  1970 | D:3      | Killed Natasha
  1971 | D:3      | Reached skill level 3 in Conjurations
  2111 | D:3      | Noticed a phantom
  2119 | D:3      | Killed a phantom
  2120 | D:3      | Reached XP level 5. HP: 38/38 MP: 3/9
  2175 | D:3      | Learned a level 4 spell: Sticky Flame
  2307 | D:3      | Noticed Natasha
  2317 | D:3      | Killed Natasha
  2435 | D:3      | Noticed an ice beast
  2453 | D:3      | Killed an ice beast
  2454 | D:3      | Reached skill level 4 in Conjurations
  2454 | D:3      | Reached XP level 6. HP: 38/46 MP: 0/11
  2557 | D:3      | Learned a level 5 spell: Fireball
  2694 | D:3      | Noticed Natasha
  2698 | D:3      | Killed Natasha
  3121 | D:4      | Found a staircase to the Ecumenical Temple.
  3130 | Temple   | Entered the Ecumenical Temple
  3183 | Temple   | Became a worshipper of Sif Muna the Loreminder
  3473 | D:4      | Found Nimoall's Distillery.
  4053 | D:5      | Entered Level 5 of the Dungeon
  4066 | D:4      | Reached skill level 5 in Conjurations
  4066 | D:4      | Your scales start taking on an icy white colour.
  4066 | D:4      | Reached XP level 7. HP: 51/51 MP: 4/12
  4066 | D:4      | Gained mutation: Your flesh is cold resistant. (rC+) [White
                  | Draconian growth]
  4441 | D:5      | Reached skill level 1 in Fighting
  4475 | D:5      | Found Ysiew's Assorted Antiques.
  4500 | D:5      | Found Posyghy's Distillery.
  4833 | D:5      | Reached * piety under Sif Muna
  4894 | D:6      | Noticed a wraith
  4913 | D:6      | Slain by a wraith

Illustrated notes

Levels and vault maps discovered:
D:1:      evilmike_arrival_hilbert_curve, layout_rooms, supply_closet_lemuel
D:2:      layout_loops_ring, ebering_ecumenical_altar_mist
D:3:      layout_basic, nrook_campfire, uniq_natasha
D:4:      layout_loops_corners, minmay_temple_entry_nine_rooms, serial_shops,
          nicolae_square_shop
D:5:      layout_basic, serial_shops, nicolae_lakefront_shop, shop_statue
D:6:      layout_loops_ring, jmf_multi_god_temple, grunt_decor_arrowhead,
          corexii_corridor_pit
Temple:   minmay_temple_bridge_abc

Skill      XL: |  1  2  3  4  5  6  7 |
---------------+----------------------+-----
Dodging        | 2 |  2.8
Conjurations   | 2 3 4 5 |  5.8
Spellcasting   | 3 4 |  4.4
Fire Magic     | 4 3 4 |  4.1
Fighting       | 1 |  1.1
Stealth        | |  1.7

Action                   |  1- 3 |  4- 6 |  7- 9 || total
-------------------------+-------+-------+-------++-------
Melee: Unarmed           |     1 |       |       ||     1
       Mace              |    10 |       |       ||    10
       Rapier            |     4 |    19 |       ||    23
       Tailslap          |     1 |       |     2 ||     3
       Quarterstaff      |       |     8 |    20 ||    28
       Dagger            |       |       |    10 ||    10
 Cast: Foxfire           |    76 |    81 |    60 ||   217
       Sticky Flame      |       |     3 |       ||     3
Armor: Skin              |     8 |    18 |    31 ||    57
Dodge: Dodged            |    17 |    33 |    44 ||    94
